 Dungeon Crawl Stone Soup version 0.24.0-2-g5b39cebb1c (webtiles) character file.

Game seed: 13579508676228940226, levelgen mode: deterministic

5679 Froggeryz the Martial Artist (level 10, -9/81 HPs)
             Began as a Yellow Draconian Wanderer on Oct 30, 2019.
             Was a Follower of Makhleb.
             Mangled by a killer bee (10 damage)
             ... on level 8 of the Dungeon.
             The game lasted 00:23:35 (11455 turns).

Froggeryz the Martial Artist (DrWn)                Turns: 11455, Time: 00:23:35

Health: -9/81      AC:  7    Str: 13    XL:     10   Next: 47%
Magic:  16/16      EV: 16    Int: 17    God:    Makhleb [*.....]
Gold:   407        SH:  0    Dex: 15    Spells: 9/9 levels left

rFire    . . .     SeeInvis .     - Unarmed
rCold    . . .     Gourm    .   (no shield)
rNeg     . . .     Faith    .   (armour unavailable)
rPois    .         Spirit   .   (helmet restricted)
rElec    .         Reflect  .   (no cloak)
rCorr    +         Harm     .   (no gloves)
MR       .....                  (no boots)
Stlth    +.........             i - amulet of the acrobat
HPRegen  0.23/turn              r - +4 ring of intelligence
MPRegen  0.15/turn              (no ring)

@: lethally poisoned (-9 -> -25), short of breath, silence
A: spit acid, unfitting armour, cold-blooded, acid resistance, AC +7
a: Breathe Acid, Renounce Religion


You were on level 8 of the Dungeon.
You worshipped Makhleb.
Makhleb was aware of your devotion.
You were not hungry.

You visited 2 branches of the dungeon, and saw 10 of its levels.

You collected 438 gold pieces.
You spent 31 gold pieces at shops.

Inventory:

Hand Weapons
 a - a +1 shortbow
Missiles
 d - 200 arrows
 x - 2 throwing nets (quivered)
 y - 4 javelins
 A - 19 poisoned darts
Jewellery
 i - an amulet of the acrobat (around neck)
 r - a +4 ring of intelligence (left hand)
Wands
 v - a wand of random effects (6)
 B - a wand of iceblast (5)
Scrolls
 g - 3 scrolls of teleportation
 h - 2 scrolls of enchant armour
 j - 9 scrolls of identify
 q - 2 scrolls of remove curse
 s - a scroll of immolation {unknown}
 z - a scroll of amnesia {unknown}
 D - 2 scrolls of magic mapping {unknown}
Potions
 b - 2 potions of haste
 e - a potion of magic {unknown}
 k - 5 potions of curing {unknown}
 l - a potion of might {unknown}
 m - 2 potions of cancellation {unknown}
 n - a potion of flight {unknown}
 o - 2 potions of invisibility {unknown}
 p - 3 potions of lignification
 t - 2 potions of mutation {unknown}
 u - 2 potions of berserk rage {unknown}
 w - a potion of brilliance {unknown}
 C - a potion of agility {unknown}
 E - a potion of ambrosia {unknown}
Comestibles
 f - 15 rations


   Skills:
 - Level 5.0 Fighting
   Level 2.0 Axes
 + Level 6.9 Dodging
 - Level 1.0 Stealth
   Level 2.0 Shields
 - Level 10.0 Unarmed Combat
 * Level 8.3 Invocations
 - Level 4.2 Evocations


You had 9 spell levels left.
You didn't know any spells.
Your spell library contained the following spells:

 Spells                   Type           Power        Failure   Level  Hunger
 Magic Dart               Conj           #...         24%         1    ##.....
 Blink                    Tloc           N/A          34%         2    ###....
 Call Imp                 Summ           #.......     34%         2    ###....
 Slow                     Hex            #.......     34%         2    ###....
 Conjure Flame            Conj/Fire      #.......     56%         3    ####...
 Mephitic Cloud           Conj/Pois/Air  #.......     56%         3    ####...


Dungeon Overview and Level Annotations

Branches:
Dungeon (9/15)             Temple (1/1) D:5
   Lair: D:8-11         Orc: D:9-12

Altars:
Ashenzari
Cheibriados
Elyvilon
Fedhas
Gozag
Hepliaklqana
Kikubaaqudgha
Makhleb
Nemelex Xobeh
Okawaru
Qazlal
Ru
Sif Muna
Trog
Uskayaw
Vehumet
Wu Jian
Xom
Yredelemnul
Zin
The Shining One

Shops:
D:6 **


Innate Abilities, Weirdness & Mutations

You can spit globs of acid.
Your golden yellow scales are hard. (AC +7)
You cannot fit into any form of body armour.
You are cold-blooded and may be slowed by cold attacks.
You are resistant to acid. (rCorr)


Message History

You barely miss something. You tail-slap something. You punch something.
You feel sick. Something barely misses you. Something stings you!
* * * LOW HITPOINT WARNING * * *
You barely miss something.
* * * LOW HITPOINT WARNING * * *
You feel sick. Something stings you!
* * * LOW HITPOINT WARNING * * *
Unknown command.
Evoke which item? (* to show all) (? for menu, Esc to quit)
Aiming: Random Effects
Press: ? - help, Shift-Dir - straight line, f - killer bee
Aim: a killer bee (silenced)
The fireball explodes!
The fireball engulfs something!
The fireball engulfs you!
* * * LOW HITPOINT WARNING * * *
The fireball engulfs the killer bee!
The killer bee is heavily wounded.
* * * LOW HITPOINT WARNING * * *
You feel sick. Something closely misses you. Something stings you!
You die...

####.................
#.......#...##.##....
#..........._..##....
#.........)....#.....
#..............#.....
#..............#<####
#..................##
####.............#...
#@########..#.#...
###{########..#.#...
#..y......##..#.#.##
#..>................
#...................
#..........###....#.
#..........# #....#.
#..........###......
#.................#.


You could see a killer bee.

Vanquished Creatures
  A two-headed ogre (D:8)
  Pikel (D:4)
  2 hippogriffs (D:7)
  A spriggan (D:7)
  A wyvern (D:8)
  Menkaure (D:7)
  Edmund (D:4)
  A water moccasin (D:9)
  3 sky beasts
  A black bear (D:8)
  An ice beast (D:5)
  3 orc warriors
  2 slaves (D:3)
  7 ogres
  A necrophage (D:6)
  6 centaurs
  A big kobold (D:8)
  4 bullfrogs
  A scorpion (D:7)
  5 killer bees
  A howler monkey (D:8)
  2 bullfrog zombies (D:8)
  3 centaur zombies
  3 crimson imps
  2 hounds (D:6)
  A jelly (D:6)
  3 orc priests
  A gnoll shaman (D:7)
  4 orc wizards
  Ijyb (D:4)
  An iguana (D:6)
  3 worker ants
  A killer bee zombie (D:7)
  8 gnolls
  13 adders
  A shadow imp (D:5)
  An ooze (D:1)
  An adder skeleton (D:4)
  A worm (D:3)
  4 dart slugs
  A leopard gecko (D:2)
  29 orcs
  2 ball pythons (D:2)
  7 giant cockroaches
  7 goblins
  6 hobgoblins
  18 jackals
  11 kobolds
  12 bats
  4 frilled lizards
  A jackal skeleton (D:4)
  A jackal zombie (D:5)
  9 rats
207 creatures vanquished.

Notes
Turn   | Place    | Note
-------+----------+-------------------------------------------
     0 | D:1      | Froggeryz the Draconian Wanderer began the quest for the
                  | Orb.
     0 | D:1      | Froggeryz set off with the following items: a +0 shortbow,
                  | a potion of haste, a potion of heal wounds, 24 arrows, a +0
                  | hand axe, a ration
     0 | D:1      | Reached XP level 1. HP: 17/17 MP: 1/1
   394 | D:1      | Reached XP level 2. HP: 24/24 MP: 2/2
   464 | D:1      | Reached skill level 3 in Unarmed Combat
   662 | D:1      | Reached XP level 3. HP: 21/29 MP: 3/3
  1033 | D:2      | Reached skill level 4 in Unarmed Combat
  1215 | D:1      | Reached XP level 4. HP: 16/36 MP: 4/4
  1759 | D:2      | Reached skill level 5 in Unarmed Combat
  2121 | D:3      | Reached XP level 5. HP: 33/41 MP: 5/5
  2891 | D:2      | HP: 1/41 [something (6)]
  2894 | D:2      | Reached skill level 6 in Unarmed Combat
  3164 | D:3      | Found an opulent altar of Gozag.
  3250 | D:3      | Reached XP level 6. HP: 13/48 MP: 6/6
  3743 | D:3      | Found a hazy altar of Hepliaklqana.
  4002 | D:4      | Noticed a slave
  4002 | D:4      | Noticed a slave
  4004 | D:4      | Noticed Pikel
  4004 | D:4      | Noticed a slave
  4006 | D:4      | Noticed a slave
  4028 | D:3      | Killed a slave
  4087 | D:4      | Noticed Ijyb
  4095 | D:4      | Killed Ijyb
  4169 | D:4      | Noticed Edmund
  4387 | D:4      | Reached skill level 7 in Unarmed Combat
  4529 | D:4      | Killed Edmund
  4529 | D:4      | Your scales start taking on a golden yellow colour.
  4529 | D:4      | Reached XP level 7. HP: 53/57 MP: 7/7
  4529 | D:4      | Gained mutation: You are resistant to acid. (rCorr) [Yellow
                  | Draconian growth]
  4754 | D:4      | Killed Pikel
  4754 | D:4      | Reached skill level 8 in Unarmed Combat
  4754 | D:4      | Reached XP level 8. HP: 12/67 MP: 8/8
  5022 | D:4      | Reached skill level 9 in Unarmed Combat
  5058 | D:4      | Reached skill level 5 in Fighting
  5223 | D:5      | Entered Level 5 of the Dungeon
  5543 | D:5      | Found a staircase to the Ecumenical Temple.
  5554 | Temple   | Entered the Ecumenical Temple
  5956 | D:5      | Found a blossoming altar of Fedhas.
  5957 | D:5      | Found an ancient bone altar of Kikubaaqudgha.
  6001 | D:5      | Found a sparkling altar of Nemelex Xobeh.
  6324 | D:5      | Found a white marble altar of Elyvilon.
  6517 | D:6      | Reached skill level 10 in Unarmed Combat
  6805 | D:6      | Found Zett's General Store.
  6882 | D:6      | Found Miyci's Assorted Antiques.
  6887 | D:6      | Reached skill level 1 in Evocations
  6898 | D:6      | Bought a scroll labeled HUECIH SYRARO for 31 gold pieces
  7198 | D:6      | Reached XP level 9. HP: 56/73 MP: 10/10
  7639 | D:6      | Found a basalt altar of Yredelemnul.
  8064 | D:6      | HP: 3/74 [poisoned by a killer bee]
  8071 | D:6      | HP: 3/74 [poisoned by a killer bee]
  8079 | D:6      | HP: 2/74 [poisoned by a killer bee]
  8518 | D:7      | Noticed Menkaure
  8523 | D:7      | Killed Menkaure
  8526 | D:7      | Found a sparkling altar of Nemelex Xobeh.
  8529 | D:7      | Found an ornate altar of the Wu Jian Council.
  8532 | D:7      | Found a burning altar of Makhleb.
  8536 | D:7      | Became a worshipper of Makhleb the Destroyer
  8556 | D:7      | Reached skill level 5 in Dodging
  8556 | D:7      | Reached skill level 1 in Invocations
  8768 | D:7      | Found an ornate altar of the Wu Jian Council.
  9262 | D:7      | Reached skill level 5 in Invocations
  9467 | D:7      | Found a glowing golden altar of the Shining One.
 10270 | D:8      | Found a stormy altar of Qazlal.
 10276 | D:8      | Noticed a two-headed ogre
 10284 | D:8      | Killed a two-headed ogre
 10284 | D:8      | Reached XP level 10. HP: 81/81 MP: 13/15
 10793 | D:8      | Reached * piety under Makhleb
 11455 | D:8      | HP: 3/81 [shot self (9)]
 11455 | D:8      | HP: 1/81 [poisoned by a killer bee]
 11455 | D:8      | Mangled by a killer bee

Levels and vault maps discovered:
D:1:      dpeg_arrival_three_bigger_balls, layout_loops_ring,
          serial_bayou_pond_b
D:2:      layout_rooms
D:3:      cheibrodos_helix_gallery, layout_basic, lemuel_crystal_altar,
          lemuel_doored_altar
D:4:      layout_basic, uniq_pikel, uniq_ijyb, uniq_edmund
D:5:      layout_basic, grunt_temple_overflow_growth_and_decay,
          elyvilon_altar_3, minmay_temple_entry_mist, basic_altar, first_ration
D:6:      layout_rooms, old_standard_altar, serial_shops, shop,
          nicolae_shop_statue_plus, grunt_ministairs_12
D:7:      layout_loops_corners, grunt_temple_overflow_diamond,
          lemuel_coloured_pillars_altar, basic_altar, the_bakery,
          minmay_small_thing, uniq_menkaure
D:8:      layout_basic, overflow_temple_1_default
D:9:      kennysheep_housing_project, layout_basic, grunt_dithmenos_smoke,
          lair_entry_dummy, gammafunk_ghost_hydra_chop
Temple:   dpeg_chambers_temple

Skill      XL: |  1  2  3  4  5  6  7  8  9 10 |
---------------+-------------------------------+-----
Unarmed Combat | 3 4 5 6 7 8 10 | 10.0
Fighting       | 3 4 5 |  5.0
Dodging        | 3 6 |  6.9
Evocations     | 2 4 |  4.2
Invocations    | 6 8 |  8.3
Axes           | |  2.0
Stealth        | |  1.0
Shields        | |  2.0

Action                   |  1- 3 |  4- 6 |  7- 9 | 10-12 || total
-------------------------+-------+-------+-------+-------++-------
Melee: Unarmed           |   139 |   315 |   332 |   149 ||   935
       Tailslap          |    13 |    37 |    49 |    26 ||   125
       Punch             |     1 |     8 |    11 |     9 ||    29
 Fire: Shortbow          |     4 |       |       |     2 ||     6
Throw: Dart              |       |    18 |    35 |     3 ||    56
       Boomerang         |       |     1 |       |       ||     1
 Abil: Breathe Acid      |       |       |     5 |     2 ||     7
Evoke: Wand              |       |     2 |       |     8 ||    10
  Use: Potion            |       |     1 |     1 |     1 ||     3
       Scroll            |       |     1 |     9 |     1 ||    11
 Stab: Sleeping          |     1 |       |     7 |       ||     8
  Eat: Chunk             |     1 |    10 |    13 |     4 ||    28
       Ration            |       |       |     2 |       ||     2
Armor: Skin              |    48 |    88 |    59 |    29 ||   224
Dodge: Dodged            |   107 |   237 |   271 |   133 ||   748
